 Dungeon Crawl Stone Soup version 0.28.0-45-g0d030f2227 (webtiles) character file.

Game seed: 8371374652091383508

90 NinjaNoafa the Skirmisher (level 4, 0/40 HPs)
             Began as a Minotaur Abyssal Knight on Apr 15, 2022.
             Was a Follower of Lugonu.
             Succumbed to an adder's poison
             ... on level 2 of the Dungeon.
             The game lasted 00:02:44 (1431 turns).

NinjaNoafa the Skirmisher (Minotaur Abyssal Knight) Turns: 1431, Time: 00:02:45

Health: 0/40       AC:  5    Str: 19    XL:     4   Next: 32%
Magic:  4/4        EV: 12    Int:  7    God:    Lugonu [*.....]
Gold:   47         SH:  0    Dex: 11    Spells: 3/3 levels left

rFire   . . .      SeeInvis .   a - +1 falchion
rCold   . . .      Faith    .   (no shield)
rNeg    . . .      Spirit   .   b - +0 leather armour
rPois   .          Reflect  .   (helmet restricted)
rElec   .          Harm     .   k - +1 cloak
rCorr   .          Rampage  .   (no gloves)
Will    .....                   (no boots)
Stlth   +.........              (no amulet)
HPRegen 0.13/turn               (no ring)
MPRegen 0.09/turn               (no ring)

@: lethally poisoned (0 -> -2), on berserk cooldown, slowed, very slow
A: horns 2, retaliatory headbutt
a: Renounce Religion, Depart the Abyss


You were on level 2 of the Dungeon.
You worshipped Lugonu.
Lugonu was aware of your devotion.
You visited 1 branch of the dungeon, and saw 2 of its levels.
You visited the Abyss 1 time.

You collected 47 gold pieces.

Inventory:

Hand Weapons
 a - a +1 falchion (weapon)
Missiles
 c - a poisoned dart
 e - 46 stones
 f - 2 throwing nets (quivered)
Armour
 b - a +0 leather armour (worn)
 k - a +1 cloak (worn)
 l - a +0 plate armour
Magical Staves
 h - a staff of fire
Scrolls
 d - 2 scrolls of magic mapping {unknown}
 g - a scroll of identify {unknown}
Potions
 j - a potion of flight {unknown}


   Skills:
 + Level 4.2 Fighting
 + Level 3.1 Long Blades
 + Level 3.2 Armour
 + Level 2.2 Dodging
 + Level 2.6 Invocations


You had 3 spell levels left.
You didn't know any spells.
Your spell library contained the following spells:

 Spells                   Type           Power      Damage    Failure   Level
 Corpse Rot               Necr/Air       0%         N/A       63%         2
 Poisonous Vapours        Pois/Air       0%         N/A       63%         2


Dungeon Overview and Level Annotations

Branches:
Dungeon (2/15)

Altars:

Shops:
D:1 !


Innate Abilities, Weirdness & Mutations

You have a pair of horns on your head.
You reflexively headbutt those who attack you in melee.


Message History

The adder poisons you! Natasha claws you!
* * * LOW HITPOINT WARNING * * *
The adder barely misses you. Natasha completely misses you.
It was a potion of berserk rage.
A red film seems to cover your vision as you go berserk!
You feel yourself moving faster!
You feel mighty!
* * * LOW HITPOINT WARNING * * *
You feel very sick. The adder bites you.
* * * LOW HITPOINT WARNING * * *
Natasha barely misses you. The adder closely misses you.
Natasha closely misses you.
You are too berserk!
You closely miss Natasha. You headbutt Natasha.
You kill Natasha!
Lugonu accepts your kill.
Moaning pathetically, Natasha's spirit plunges into the ground.
* * * LOW HITPOINT WARNING * * *
You feel sick. The adder barely misses you. The adder misses you.
You have reached level 4!
You feel agile.
You slash the adder!
You kill the adder!
Lugonu accepts your kill.
* * * LOW HITPOINT WARNING * * *
You feel sick.
You are too berserk!
* * * LOW HITPOINT WARNING * * *
You feel sick.
There is a lethal amount of poison in your body!
You are too berserk!
You feel a strong urge to attack something.
* * * LOW HITPOINT WARNING * * *
You feel sick.
* * * LOW HITPOINT WARNING * * *
You feel sick.
You feel your anger nearly subside.
You are no longer berserk.
You are exhausted.
You feel as though you will be slow longer.
You die...

############
.#.###@.........##
'.......†.........##
###.###..†.........#
#.........>#.#
#..........#.#####
...................
###############.###.
#.###. #)...<


There were no monsters in sight!

Vanquished Creatures
  Natasha (twice) (D:2)
  An adder (D:2)
  A dart slug (D:2)
  3 endoplasms (D:1)
  A giant cockroach (D:1)
  A goblin (D:2)
  4 jackals (D:1)
  2 quokkas (D:1)
  3 ball pythons (D:1)
  6 bats
  2 frilled lizards (D:1)
  4 kobolds (D:1)
  2 rats (D:1)
32 creatures vanquished.

Notes
Turn   | Place    | Note
-------+----------+-------------------------------------------
     0 | Abyss:1  | NinjaNoafa the Minotaur Abyssal Knight began the quest for
                  | the Orb.
     0 | Abyss:1  | Reached XP level 1. HP: 19/19 MP: 1/1
     3 | Abyss:1  | Found a corrupted altar of Lugonu.
    20 | Abyss:1  | Found a corrupted altar of Lugonu.
    45 | Abyss:1  | Noticed a ynoxinul
    46 | Abyss:1  | Noticed a small abomination
    52 | Abyss:1  | Noticed a wretched star
    55 | D:1      | Escaped the Abyss
   327 | D:1      | Reached XP level 2. HP: 23/27 MP: 2/2
   328 | D:1      | Reached * piety under Lugonu
   982 | D:1      | Found Eshredek's Distillery.
  1130 | D:1      | Reached XP level 3. HP: 33/33 MP: 3/3
  1297 | D:2      | Noticed Natasha
  1302 | D:2      | Killed Natasha
  1303 | D:2      | Reached skill level 4 in Fighting
  1412 | D:2      | Noticed Natasha
  1426 | D:2      | Killed Natasha
  1427 | D:2      | Reached XP level 4. HP: 4/40 MP: 4/4
  1428 | D:2      | HP: 3/60 [poisoned by an adder]
  1430 | D:2      | HP: 1/60 [poisoned by an adder]
  1431 | D:2      | Succumbed to an adder's poison

Illustrated notes

Levels and vault maps discovered:
D:1:      dpeg_arrival_connections, layout_loops_ring, serial_shops, shop,
          st_stairs_1
D:2:      layout_basic, uniq_natasha, uniq_jessica, uniq_terence

Skill      XL: |  1  2  3 |
---------------+----------+-----
Invocations    | 2 |  2.6
Long Blades    | 3 |  3.1
Fighting       | 4 |  4.2
Armour         | 3 |  3.2
Dodging        | 2 |  2.2

Action                   |  1- 3 |  4- 6 || total
-------------------------+-------+-------++-------
Melee: Falchion          |    77 |     1 ||    78
       Headbutt          |    10 |       ||    10
       Punch             |     1 |       ||     1
Throw: Dart              |     6 |       ||     6
Invok: Depart the Abyss  |     1 |       ||     1
  Use: Potion            |     1 |       ||     1
Armor: Leather armour    |    40 |       ||    40
Dodge: Dodged            |    75 |       ||    75
